 Dungeon Crawl Stone Soup version 0.18.1-50-g88ac8fd (webtiles) character file.

208 Amnesiac the Covered (level 5, 0/31 HPs)
             Began as a Deep Elf Fighter on Mar 2, 2018.
             Slain by a centaur (1 damage)
             ... on level 5 of the Dungeon.
             The game lasted 00:07:59 (4068 turns).

Amnesiac the Covered (Deep Elf Fighter)             Turns: 4068, Time: 00:08:00

Health: 0/31       AC: 11    Str: 14    XL:     5   Next: 55%
Magic:  7/7        EV:  5    Int: 13    God:
Gold:   138        SH:  8    Dex: 14    Spells: 0 memorised, 4 levels left

rFire  . . .     SeeInvis .     a - +1 rapier
rCold  . . .     Gourm    .     y - +0 chain mail
rNeg   . . .     Faith    .     c - +0 shield
rPois  .         Spirit   .     (helmet restricted)
rElec  .         Dismiss  .     h - +0 cloak
rCorr  .         Reflect  .     v - +0 pair of gloves
SustAt .         Harm     .     (no boots)
MR     .....     Clarity  +     (no amulet)
Stlth  ..........               (no ring)
                                p - ring of stealth

@: not resistant to hostile enchantments, extremely unstealthy
A: horns 1, clarity, regeneration 1
a: no special abilities


You were on level 5 of the Dungeon.
You were hungry.

You visited 1 branch of the dungeon, and saw 5 of its levels.

You collected 138 gold pieces.

Inventory:

Hand Weapons
 a - a +1 rapier (weapon)
Missiles
 l - 13 poisoned needles
 q - 2 needles of paralysis
Armour
 c - a +0 shield (worn)
 h - a +0 cloak (worn)
 k - a +0 helmet
 v - a +0 pair of gloves (worn)
 y - a +0 chain mail (worn)
Jewellery
 p - a ring of stealth (left hand)
 s - an uncursed ring of fire
Wands
 m - a wand of digging (22/24)
Scrolls
 e - 5 scrolls of teleportation {!r}
 o - a scroll of enchant weapon {!r}
Potions
 d - a potion of might {!q}
 g - 2 potions of curing {!q}
 i - a potion of flight {!q}
 t - a potion of lignification {!q}
 w - a potion of brilliance {!q}
 x - a potion of cancellation {!q}
Comestibles
 f - 3 bread rations
 z - a meat ration


   Skills:
 - Level 2.5 Fighting
 - Level 2.0 Short Blades
 * Level 4.1 Armour
 + Level 4.1 Dodging
 - Level 2.5 Shields


You had 4 spell levels left.
You didn't know any spells.

Dungeon Overview and Level Annotations

Branches:
Dungeon (5/15)
 Temple: D:4-7

Altars:

Annotations:
D:3 Grinder, Purgy
D:4 Amnesiac's ghost, weakling DEFi


Innate Abilities, Weirdness & Mutations

You have a pair of small horns on your head.
You possess an exceptional clarity of mind.
Your natural rate of healing is unusually fast.


Message History

Charge which item? (? for menu, Esc to quit)
Your wand of digging glows for a moment.
Found 18 stones.
You swap places.
You are feeling hungry.
You open the door.
There is an open door here.
There is an open door here.
Your butterfly disappears in a puff of smoke!
You open the door.
There is an open door here.
As you open the door, it creaks loudly!
A centaur comes into view.
The centaur shouts!
The centaur wields a runed shortbow.
It bursts into flame!
The centaur shoots an arrow.
The arrow completely misses you.
Which direction?
You close the door.
Read which item? (? for menu, Esc to quit)
Okay, then.
A centaur opens the door.
There is an open door here.
Your butterfly disappears in a puff of smoke!
Drink which item? (? for menu, Esc to quit)
Okay, then.
The centaur shoots an arrow.
The arrow hits you. The arrow burns you.
The centaur shoots an arrow.
The arrow hits you. The arrow burns you.
You see here 2 arrows.
The centaur unwields an uncursed shortbow of flaming.
It stops flaming.
The centaur barely misses you.
You hit the centaur.
The centaur is lightly wounded.
The centaur barely misses you.
The centaur hits you but does no damage.
Your shield and chain mail prevent you from hitting the centaur.
The centaur is lightly wounded.
The centaur hits you but does no damage.
You puncture the centaur!
The centaur is heavily wounded.
The centaur hits you.
* * * LOW HITPOINT WARNING * * *
The centaur hits you.
* * * LOW HITPOINT WARNING * * *
You hit the centaur but do no damage.
The centaur is heavily wounded.
You block the centaur's attack. x2
You hit the centaur but do no damage.
The centaur is heavily wounded.
The centaur hits you!
* * * LOW HITPOINT WARNING * * *
You block the centaur's attack.
You hit the centaur. You headbutt the centaur.
The centaur is almost dead.
The centaur hits you but does no damage.
The centaur barely misses you.
Your shield and chain mail prevent you from hitting the centaur.
The centaur is almost dead.
The centaur hits you but does no damage.
You hit the centaur.
The centaur is almost dead.
The centaur hits you!
* * * LOW HITPOINT WARNING * * *
The centaur hits you.
You die...

######### #.......#
#.......#######
#.............# ####
######........# .....
####.......c###......
#..'......@.'.'......
#.##.......(###......
#.#......(...# .....
#.#.########.# ....
#.#..b.b...#.# ...
#.#.b#####.#.# ..
#.#..#<..# #.# .
#.#.)###)# #.#
#.#......# #.#


You could see a centaur.

Vanquished Creatures
  A hound (D:4)
  A giant frog skeleton (D:4)
  4 gnolls
  4 adders (D:2)
  An ooze (D:3)
  2 dart slugs
  2 giant geckos
  2 orcs
  5 giant cockroaches
  6 goblins
  7 hobgoblins
  10 kobolds
  A quokka (D:2)
  4 ball pythons
  9 bats
  3 giant newts
  6 rats
68 creatures vanquished.

Notes
Turn   | Place    | Note
--------------------------------------------------------------
     0 | D:1      | Amnesiac the Deep Elf Fighter began the quest for the Orb.
     0 | D:1      | Reached XP level 1. HP: 13/13 MP: 3/3
    30 | D:1      | Reached skill level 1 in Dodging
   386 | D:1      | Reached XP level 2. HP: 10/18 MP: 4/4
  1095 | D:1      | Reached XP level 3. HP: 8/22 MP: 5/5
  1978 | D:2      | Reached XP level 4. HP: 16/27 MP: 6/6
  2608 | D:3      | Noticed Purgy
  2790 | D:3      | Noticed a sky beast
  2859 | D:4      | Noticed a phantom
  3189 | D:3      | Noticed Grinder
  3190 | D:3      | Paralysed by Grinder for 7 turns
  3390 | D:4      | Reached XP level 5. HP: 29/31 MP: 7/7
  3457 | D:4      | Noticed Amnesiac's ghost (weakling DEFi)
  3580 | D:5      | Entered Level 5 of the Dungeon
  3807 | D:5      | Gained mutation: You have a pair of small horns on your head. [potion of mutation]
  3807 | D:5      | Gained mutation: You have a pair of horns on your head. [potion of mutation]
  3807 | D:5      | Gained mutation: You possess an exceptional clarity of mind. [potion of mutation]
  4018 | D:5      | Lost mutation: You have a pair of horns on your head. [potion of mutation]
  4018 | D:5      | Gained mutation: Your natural rate of healing is unusually fast. [potion of mutation]
  4053 | D:5      | Noticed a centaur
  4068 | D:5      | HP: 1/31 [centaur (7)]
  4068 | D:5      | Slain by a centaur

Skill      XL: |  1  2  3  4  5 |
---------------+----------------+-----
Dodging        | 2 3 4 |  4.1
Armour         | 3 4 |  4.1
Fighting       | |  2.5
Short Blades   | |  2.0
Shields        | |  2.5

Action                   |  1- 3 |  4- 6 || total
-------------------------+-------+-------++-------
Melee: Rapier            |   156 |   214 ||   370
       Headbutt          |       |     4 ||     4
  Use: Scroll            |       |     9 ||     9
       Potion            |       |     4 ||     4
 Stab: Distracted        |       |     1 ||     1
  Eat: Chunk             |     4 |     6 ||    10
Armor: Scale mail        |    64 |   105 ||   169
       Chain mail        |       |     4 ||     4
Dodge: Dodged            |    45 |    75 ||   120
Block: Shield            |    59 |    90 ||   149
